[Event "*** Titled Tuesday Blitz"]
[Site "Chess.com"]
[Date "2020.04.21"]
[Round "4"]
[White "731291"]
[Black "promen1999"]
[Result "0-1"]
[WhiteElo "2578"]
[BlackElo "2926"]
[TimeControl "180+1"]
[EndTime "10:39:40 PDT"]
[Termination "promen1999 won on time"]

1. d4 Nf6 2. Nf3 g6 3. Nbd2 d5 4. b4 Bg7 5. e3 c6 6. Be2 O-O 7. Bb2 Bg4 8. O-O Nbd7 9. c4 a5 10. b5 a4 11. Ba3 Re8 12. Rc1 Bxf3 13. Nxf3 cxb5 14. cxd5 b4 15. Bxb4 Nxd5 16. Ba3 Qa5 17. Qd2 Qxd2 18. Nxd2 Rec8 19. Bb5 N7f6 20. Bc4 e6 21. g3 Bf8 22. Bxf8 Kxf8 23. e4 Nb4 24. a3 Nc6 25. e5 Nd7 26. Bb5 Nb6 27. Bxc6 bxc6 28.
Ne4 Nd5 29. Rc4 Rcb8 30. Rxc6 Rb3 31. Rfc1 Rxa3 32. Rc8+ Rxc8 33. Rxc8+ Ke7 34. Ra8 Ra1+ 35. Kg2 a3 36. Ra7+ Kd8 37. Nd6 a2 38. Nxf7+ Kc8 39. Ng5 Kb8 40. Ra3 Nb4 41. Nxe6 Rb1 0-1

[Event "*** Titled Tuesday Blitz"]
[Site "Chess.com"]
[Date "2020.04.21"]
[Round "4"]
[White "mathapples"]
[Black "Violord"]
[Result "0-1"]
[WhiteElo "2335"]
[BlackElo "2612"]
[TimeControl "180+1"]
[EndTime "10:39:40 PDT"]
[Termination "Violord won on time"]

1. d4 g6 2. c4 Bg7 3. e4 d6 4.
Nf3 Nf6 5. Nc3 O-O 6. Be2 Nbd7 7. O-O e5 8. Be3 Re8 9. dxe5 dxe5 10. Qd2 c6 11.
Rad1 Qe7 12. Qd6 Qxd6 13. Rxd6 Ng4 14. Bg5 Nc5 15. b4 Ne6 16. Rfd1 Bf8 17. c5 Bxd6 18. cxd6 Nxg5 19. Nxg5 Bd7 20. Na4 b6 21. Nb2 Rad8 22. Nc4 Nf6 23. Bd3 h6 24. Nf3 Bg4 25. Bc2 Bxf3 26. gxf3 Nh5 27. Kf1 Nf4 28. Bb3 Kg7 29.
a4 f6 30. a5 b5 31. Ne3 Ne6 32. d7 Re7 33. Rd6 Nd4 34. Ba2 Rdxd7 35. Rxd7 Rxd7 36.
Ke1 Nxf3+ 37. Ke2 Nd4+ 38. Ke1 f5 39. exf5 gxf5 40. Nxf5+ Nxf5 41. Be6 Rd4 42. Bxf5 Rxb4 43. Bd7 Ra4 44. Bxc6 Rxa5 45. Bd5 b4 46. Be6 Rc5 47. Ke2 Rc3 48. Bd5 a5 49. Kd2 a4 50. Be4 a3 51. Bd5 Rh3 52. Be6 b3 53. Bxh3 a2 54. Kc3 a1=Q+ 0-1

[Event "*** Titled Tuesday Blitz"]
[Site "Chess.com"]
[Date "2020.04.21"]
[Round "4"]
[White "Dinamo81"]
[Black "eljanov"]
[Result "0-1"]
[WhiteElo "2632"]
[BlackElo "2817"]
[TimeControl "180+1"]
[EndTime "10:39:41 PDT"]
[Termination "eljanov won by resignation"]

1. d4 Nf6 2. Bf4 d5 3. e3 e6 4.
Nd2 Bd6 5. Bg3 O-O 6. Ngf3 c5 7. c3 Qc7 8. Bxd6 Qxd6 9. Ne5 b6 10. f4 Ba6 11.
Bxa6 Nxa6 12. Qf3 Nb8 13. g4 Nc6 14. h4 Nd7 15. g5 Ne7 16. Nf1 b5 17. Ng3 b4 18. Rh2 bxc3 19. bxc3 cxd4 20. cxd4 Rac8 21. Kf1 Rc3 22. Kg1 Nxe5 23. fxe5 Qa3 24. Re1 Rc1 25. Rxc1 Qxc1+ 26. Kg2 Rc8 27. Kh3 g6 28. h5 Rc3 29. h6 Nf5 30. Nxf5 gxf5 31. Re2 Qd1 32. Kg2 Rc1 33. Kh2 Qg1+ 34. Kh3 Rf1 35. Rb2 Rxf3+ 0-1

[Event "*** Titled Tuesday Blitz"]
[Site "Chess.com"]
[Date "2020.04.21"]
[Round "4"]
[White "BursaBBSatranc"]
[Black "ChelsieMonica"]
[Result "1-0"]
[WhiteElo "2504"]
[BlackElo "2307"]
[TimeControl "180+1"]
[EndTime "10:39:41 PDT"]
[Termination "BursaBBSatranc won by resignation"]

1. d4 Nf6 2. Bf4 d6 3. e3 Nbd7 4. Nf3 c6 5. c4 g6 6. h3 Bg7 7. Nc3 O-O 8. Be2 Qb6 9. Qb3 Re8 10. Bh2 e5 11. O-O exd4 12. Nxd4 Bf8 13. Rfd1 Nc5 14. Qc2 a5 15. Bf3 a4 16. Rac1 a3 17. b3 Na6 18. Qe2 Nc5 19. Rb1 Qb4 20. Qe1 Nce4 21.
Nxe4 Qxe1+ 22. Rxe1 Nxe4 23. Bxe4 Rxe4 24. Red1 Re8 25.
Rbc1 f5 26. Ne2 Rd8 27. Rd2 d5 28. cxd5 cxd5 29. Rcd1 Be6 30. Nf4 Bf7 31. Nxd5 Rdc8 32. Nb6 Bc5 33. Nxc8 Rxc8 34. Rc2 Be6 35. Rdc1 b6 36.
b4 Bxa2 37. Rxa2 1-0

[Event "*** Titled Tuesday Blitz"]
[Site "Chess.com"]
[Date "2020.04.21"]
[Round "4"]
[White "DDTerziev04"]
[Black "MateSchmate"]
[Result "0-1"]
[WhiteElo "2279"]
[BlackElo "2463"]
[TimeControl "180+1"]
[EndTime "10:39:42 PDT"]
[Termination "MateSchmate won by resignation"]

1. e4 e6 2. d4 d5 3. Nc3 Bb4 4. Ne2 dxe4 5. a3 Be7 6. Nxe4 b6 7. N2g3 Bb7 8. f3 Nd7 9. Bd3 Ngf6 10. O-O h5 11. c3 h4 12. Nxf6+ Nxf6 13. Ne4 h3 14. g3 a6 15. Nxf6+ Bxf6 16. Be4 Bd5 17. Qe2 b5 18. Bxd5 Qxd5 19. Qe4 O-O-O 20. Qxd5 Rxd5 21. Be3 Rhd8 22. Kf2 Kb7 23. Ke2 Be7 24. Rfd1 Kb6 25. Rac1 c5 26. c4 bxc4 27. Rxc4 Kb5 28. b3 e5 29. a4+ Kc6 30. b4 exd4 31. Bf2 Kb7 32.
bxc5 Bxc5 33. Rb1+ Ka7 34. Kd3 Bb6 35. Rc6 Rb8 36.
a5 Bxa5 37. Rxa6+ Kxa6 38. Rxb8 Bb6 39. Rf8 Rf5 40. f4 g5 41. Rc8 gxf4 42. Rc6 Kb5 43. Rd6 fxg3 44. Bxg3 Rf3+ 45. Kd2 Bc7 46. Rd5+ Kc4 47.
Rh5 Bxg3 48. hxg3 Rxg3 0-1

[Event "*** Titled Tuesday Blitz"]
[Site "Chess.com"]
[Date "2020.04.21"]
[Round "4"]
[White "stasiek18"]
[Black "secretsuperstar7"]
[Result "0-1"]
[WhiteElo "2408"]
[BlackElo "2199"]
[TimeControl "180+1"]
[EndTime "10:39:42 PDT"]
[Termination "secretsuperstar7 won by checkmate"]

1. e4 c5 2. Nf3 d6 3. d4 cxd4 4.
Nxd4 Nf6 5. Nc3 a6 6. f3 e6 7.
Be3 d5 8. e5 Nfd7 9. f4 Nc6 10.
Qd2 Bc5 11. O-O-O Qb6 12. Na4 Qc7 13. Nxe6 fxe6 14. Nxc5 Nxc5 15. Bxc5 Bd7 16. Bd6 Qb6 17. f5 O-O-O 18. fxe6 Bxe6 19. Bd3 g6 20. Rhf1 Rhe8 21. Rf6 Bg4 22. Re1 Qd4 23. Bf1 Qa4 24. a3 Be6 25. Qf4 Qa5 26. Rd1 d4 27. Rxe6 Rxe6 28. Qg4 Qd5 29.
c4 Nxe5 30. cxd5 Nxg4 31. dxe6 Rxd6 32. h3 Ne3 33. Re1 Rxe6 34. Bd3 Rc6+ 35. Kd2 Rf6 36. Re2 Rf1 37. g4 Rd1# 0-1

[Event "*** Titled Tuesday Blitz"]
[Site "Chess.com"]
[Date "2020.04.21"]
[Round "4"]
[White "youngKID"]
[Black "GulamaliRises"]
[Result "1-0"]
[WhiteElo "2804"]
[BlackElo "2569"]
[TimeControl "180+1"]
[EndTime "10:39:43 PDT"]
[Termination "youngKID won by checkmate"]

1. e4 d6 2. d4 Nf6 3. Nc3 g6 4. Nf3 Bg7 5. Be2 O-O 6. O-O a6 7. h3 b5 8. e5 Nfd7 9. Re1 Nb6 10. a3 Bb7 11. Bg5 h6 12. Bf4 Nc6 13. Qc1 Kh7 14. Bd3 dxe5 15. dxe5 Nd4 16. Nxd4 Qxd4 17.
Be4 Bxe4 18. Rxe4 Qd7 19. Bxh6 Rh8 20. Bxg7 Kxg7 21. e6 Qd6 22. exf7 Kxf7 23. Qe3 Nc4 24. Qf3+ Kg7 25. Rae1 e5 26. Qg3 Rh5 27. a4 c6 28. b3 Na3 29. Rxe5 Rxe5 30. Rxe5 Nxc2 31. Ne4 Qd1+ 32. Kh2 Rf8 33. Re7+ Rf7 34. Qe5+ Kf8 35. Re8# 1-0

[Event "*** Titled Tuesday Blitz"]
[Site "Chess.com"]
[Date "2020.04.21"]
[Round "4"]
[White "ALeks_Ivlev"]
[Black "narutosmith"]
[Result "1-0"]
[WhiteElo "2525"]
[BlackElo "2260"]
[TimeControl "180+1"]
[EndTime "10:39:43 PDT"]
[Termination "ALeks_Ivlev won by resignation"]

1. d4 Nf6 2. c4 e6 3. Nf3 Bb4+ 4. Nbd2 O-O 5. a3 Bxd2+ 6. Bxd2 d6 7. g3 Nbd7 8. Bg2 e5 9. O-O Re8 10. Rc1 exd4 11. Nxd4 a5 12. b4 axb4 13. axb4 c6 14. Bf4 Ne5 15. Nf3 Bg4 16. h3 Nxf3+ 17. exf3 Bf5 18. Qxd6 Ra4 19. Qxd8 Rxd8 20. b5 h6 21. Rfe1 Rd4 22. bxc6 bxc6 23. c5 Rdc4 24. Bd6 Rxc1 25. Rxc1 Rb4 26. Ra1 Rb1+ 27. Rxb1 Bxb1 28. Bf1 Nd5 29. Bc4 Nb4 30. h4 Bd3 31. Bb3 Bc2 32.
Bxc2 Nxc2 33. Kf1 Nd4 34. Be5 Nxf3 35. Bc3 Nh2+ 36. Kg2 Ng4 37. Kf3 Nh2+ 38. Kg2 Ng4 39. Bd4 f5 40. f3 Nf6 41. Bxf6 gxf6 42. Kf2 Kf7 43. Ke3 Ke6 44. Kf4 Kd5 45. Kxf5 Kxc5 46. Kxf6 Kd5 47. g4 c5 48. g5 c4 49. g6 c3 50. g7 c2 51. g8=Q+ Kd4 52. Qg1+ Kd3 53.
Qc1 Kc3 54. f4 1-0

[Event "*** Titled Tuesday Blitz"]
[Site "Chess.com"]
[Date "2020.04.21"]
[Round "4"]
[White "kimonji"]
[Black "hongnhung1234"]
[Result "0-1"]
[WhiteElo "2359"]
[BlackElo "2148"]
[TimeControl "180+1"]
[EndTime "10:39:43 PDT"]
[Termination "hongnhung1234 won on time"]

1. d4 f5 2. c4 Nf6 3. g3 g6 4. Bg2 Bg7 5. h4 h6 6. Nh3 O-O 7. Nc3 d6 8. Nf4 Kh7 9. d5 c6 10. e4 Qe8 11. exf5 Bxf5 12. h5 g5 13. Ne6 Bxe6 14.
dxe6 Na6 15. Be3 Nc7 16. Bh3 b5 17. cxb5 cxb5 18. Rc1 Rc8 19. Bf5+ Kg8 20. f4 Nxh5 21. Rxh5 Rxf5 22. g4 Rf6 23. f5 Nxe6 24. Qb3 Kh8 0-1

[Event "*** Titled Tuesday Blitz"]
[Site "Chess.com"]
[Date "2020.04.21"]
[Round "4"]
[White "woodhy"]
[Black "IngOscarArdila"]
[Result "1-0"]
[WhiteElo "2265"]
[BlackElo "2049"]
[TimeControl "180+1"]
[EndTime "10:39:43 PDT"]
[Termination "woodhy won by checkmate"]

1. e4 e5 2. Nf3 Nf6 3. Nxe5 d6 4. Nf3 Nxe4 5. d4 d5 6. Bd3 Be7 7. O-O Nc6 8. Re1 Nf6 9. Bf4 O-O 10. c3 Bg4 11.
Nbd2 Re8 12. h3 Bh5 13. Qb3 Na5 14. Qa4 b6 15. b4 Nb7 16. Ne5 Nd6 17. Qc6 Bf8 18.
a4 Bg6 19. Nxg6 hxg6 20. Nf3 Nfe4 21. Ne5 Qf6 22. Be3 Rad8 23. a5 Rxe5 24. dxe5 Qxe5 25. Bd4 Qf4 26. axb6 axb6 27. Qxd5 Nf6 28. Qe5 Qh4 29.
Qg3 Qh5 30. Ra7 c5 31. bxc5 bxc5 32. Be3 c4 33. Be2 Qf5 34. Bf3 Nde4 35. Qc7 Rd7 36. Qxc4 Nd2 37. Bxd2 Rxd2 38. Ra8 Qc2 39. Qc5 Rxf2 40.
Qxf8+ Kh7 41. Qh8# 1-0

[Event "*** Titled Tuesday Blitz"]
[Site "Chess.com"]
[Date "2020.04.21"]
[Round "4"]
[White "Sjakkerntobi"]
[Black "ehrenfeld"]
[Result "0-1"]
[WhiteElo "2224"]
[BlackElo "2462"]
[TimeControl "180+1"]
[EndTime "10:39:45 PDT"]
[Termination "ehrenfeld won by resignation"]

1. e4 e5 2. Nf3 Nc6 3. Bb5 a6 4. Ba4 Nf6 5. O-O Be7 6. Re1 b5 7. Bb3 d6 8. a4 Bd7 9. c3 O-O 10. d3 Na5 11. Bc2 c5 12. Nbd2 Nc6 13. Nf1 h6 14.
Ng3 Re8 15. d4 cxd4 16. cxd4 exd4 17. Nxd4 Nxd4 18. Qxd4 bxa4 19. Bxa4 Bxa4 20. Rxa4 Bf8 21. Rd1 Qd7 22. Ra1 Qe6 23. Bd2 d5 24. exd5 Qxd5 25.
Bc3 Qxd4 26. Bxd4 Ne4 27. Nxe4 Rxe4 28. Be3 Re6 29. g4 Rb8 30. Ra2 g5 31. Kg2 Bg7 32.
Rb1 Rb3 33. Rd1 Rxb2 34. Rd8+ Kh7 35. Rxb2 Bxb2 36. Rd7 Kg6 37. Kf3 Bf6 38. Ra7 Rc6 39.
h3 Be5 40. Ke4 Re6 41. Kf3 f6 42. Bc5 Rc6 43. Be3 f5 44. Ra8 f4 45. Ba7 Rc3+ 46.
Kg2 f3+ 0-1

[Event "*** Titled Tuesday Blitz"]
[Site "Chess.com"]
[Date "2020.04.21"]
[Round "4"]
[White "Kosche007"]
[Black "Nellichka"]
[Result "1-0"]
[WhiteElo "2323"]
[BlackElo "2091"]
[TimeControl "180+1"]
[EndTime "10:39:46 PDT"]
[Termination "Kosche007 won by checkmate"]

1. e4 e6 2. d4 d5 3. Nd2 a5 4. Ngf3 Nf6 5. e5 Nfd7 6. Bd3 c5 7. c3 Nc6 8. O-O Qb6 9. Re1 cxd4 10. cxd4 Nxd4 11. Nxd4 Qxd4 12. Nf3 Qb6 13. Be3 Qxb2 14. Rb1 Qa3 15. Bb5 a4 16. Qc2 Bb4 17. Rec1 O-O 18.
Qc7 Ba5 19. Qc2 f6 20. Bxd7 Bxd7 21. Bc5 Qc3 22. Qxc3 Bxc3 23. Bxf8 Bxe5 24. Bc5 Bc6 25. Nxe5 fxe5 26. Be3 Kf7 27. Bc5 d4 28. Re1 Kf6 29.
a3 Rd8 30. Rbd1 d3 31. Be3 Kf5 32. Rd2 e4 33. Rc1 Bd5 34. Rc5 b6 35. Rc7 b5 36.
h3 g6 37. g4+ Kf6 38. Kh2 b4 39. axb4 a3 40. Kg3 g5 41. Bd4+ Kg6 42. Rg7+ Kh6 43.
h4 Rf8 44. hxg5# 1-0

[Event "*** Titled Tuesday Blitz"]
[Site "Chess.com"]
[Date "2020.04.21"]
[Round "4"]
[White "tamarozi99"]
[Black "ALEXJR20"]
[Result "0-1"]
[WhiteElo "1994"]
[BlackElo "2247"]
[TimeControl "180+1"]
[EndTime "10:39:47 PDT"]
[Termination "ALEXJR20 won by resignation"]

1. e4 Nc6 2. d4 d5 3. e5 Bf5 4. f4 e6 5. Nf3 Nge7 6. h3 h5 7. g3 Qd7 8. Bg2 Be4 9. Nbd2 Bxf3 10. Nxf3 Nf5 11. Kf2 h4 12. g4 Ng3 13. Re1 O-O-O 14. Kg1 Na5 15. c3 c5 16. dxc5 Bxc5+ 17. Be3 Bxe3+ 18. Rxe3 Kb8 19. b4 Nc4 20. Re1 Rc8 21. a4 Rc7 22. Qb3 Rhc8 23. Rac1 Ne4 24. Red1 Ne3 25. Rd3 Nxg2 26. Kxg2 Rh8 27. c4 Ng3 28. c5 Ne2 29. Rd4 Nxc1 30. Qc2 Ne2 31. Qxe2 Qxa4 32. b5 Qa3 33. b6 Rxc5 34. bxa7+ Ka8 35. Rd3 Rc3 36. Rd2 Rhc8 37. Nd4 Rxh3 38. Nb5 Qg3+ 0-1

[Event "*** Titled Tuesday Blitz"]
[Site "Chess.com"]
[Date "2020.04.21"]
[Round "4"]
[White "aaronmaster123"]
[Black "Natalya_Buksa"]
[Result "0-1"]
[WhiteElo "2291"]
[BlackElo "2473"]
[TimeControl "180+1"]
[EndTime "10:39:48 PDT"]
[Termination "Natalya_Buksa won by resignation"]

1. Nf3 d5 2. g3 e6 3. Bg2 Nf6 4. O-O Be7 5. d4 O-O 6. c4 dxc4 7.
Qc2 c6 8. Qxc4 b5 9. Qc2 Bb7 10. a4 a6 11. Rd1 Nbd7 12. b3 Nb6 13. Ba3 Bxa3 14. Nxa3 Qe7 15. Ne5 Nbd5 16. Qb2 Rac8 17. Nd3 b4 18. Nc4 Nc3 19. Re1 Rfd8 20. e3 Nce4 21. f3 Nc3 22. Qf2 Nd7 23. f4 Ba8 24. h3 c5 25. dxc5 Nxc5 26. Nxc5 Qxc5 27. a5 Bxg2 28.
Kxg2 Rd3 29. Rac1 h5 30. Rc2 Rcd8 31. Ne5 Rd1 32. Rxd1 Rxd1 33. Qf3 Qd6 34. Rf2 f5 35.
Qxh5 Qd5+ 36. Qf3 Ne4 37. Rc2 Rd2+ 38. Rxd2 Qxd2+ 39. Kg1 Qc1+ 40. Kh2 Qc2+ 41. Qg2 Qxb3 42. g4 Qxe3 43. Ng6 b3 44. gxf5 exf5 45. Ne7+ Kf8 46. Nxf5 Qxf4+ 47. Kh1 Qxf5 48. Qb2 Qf1+ 49. Kh2 Qf2+ 0-1

[Event "*** Titled Tuesday Blitz"]
[Site "Chess.com"]
[Date "2020.04.21"]
[Round "4"]
[White "queen_iryna"]
[Black "djano"]
[Result "0-1"]
[WhiteElo "2284"]
[BlackElo "2466"]
[TimeControl "180+1"]
[EndTime "10:39:48 PDT"]
[Termination "djano won by resignation"]

1. d4 Nf6 2. Bg5 e6 3. Nc3 c5 4. e3 Qb6 5. Bxf6 gxf6 6. Rb1 Nc6 7. Nf3 Rg8 8. g3 cxd4 9. exd4 Bb4 10. Bg2 Qa6 11.
Qe2 b6 12. Qe4 f5 13. Qh4 Rg4 14. Qxh7 Re4+ 15. Kd1 Bxc3 16. Qg8+ Ke7 17. Qg5+ Kd6 18. bxc3 Qe2+ 19. Kc1 Qxf2 20. Nh4 Re2 21. Qf4+ Qxf4+ 22. gxf4 Bb7 23. Bf3 Rf2 24. Kb2 Rh8 25. Bxc6 Bxc6 26.
Nxf5+ exf5 27. Rhe1 Rhxh2 28. Rbc1 Be4 29. Rg1 Bxc2 30.
Ka3 Be4 31. Ra1 Bd5 32. Rg7 a5 33. c4 Bxc4 0-1

[Event "*** Titled Tuesday Blitz"]
[Site "Chess.com"]
[Date "2020.04.21"]
[Round "4"]
[White "checkmatequen"]
[Black "kingnb"]
[Result "0-1"]
[WhiteElo "2237"]
[BlackElo "2442"]
[TimeControl "180+1"]
[EndTime "10:39:48 PDT"]
[Termination "kingnb won by resignation"]

1. e4 d6 2. d4 Nf6 3. Nc3 g6 4. Be3 Bg7 5. f3 O-O 6. Qd2 e5 7. Nge2 exd4 8. Nxd4 a6 9. O-O-O b5 10. Bh6 Nbd7 11. h4 c5 12. Nc6 Qb6 13. Ne7+ Kh8 14.
h5 Qd8 15. Ncd5 Nxd5 16. Nxd5 Rg8 17. Qf4 Bxh6 18. Qxh6 Rg7 19. hxg6 fxg6 20. Nf4 Ne5 21.
g4 Raa7 22. Be2 Raf7 23. Rh3 Qf8 24. Rdh1 Rxf4 25. Qxh7+ Rxh7 26. Rxh7+ Kg8 27. Rh8+ Kf7 28. R1h7+ Ke8 29. Rxf8+ Rxf8 30. Rc7 Bd7 31. Ra7 Ke7 32. Rxa6 Nxf3 33. Rb6 Nd4 34. Bd1 Rf1 35. Kd2 Rg1 36. c3 Nc6 37. Rxb5 Ne5 38. Rb7 Nxg4 39. Ba4 Ne5 40. Bxd7 Nxd7 41. a4 Kd8 42. a5 Ra1 43. b4 cxb4 44. cxb4 g5 45. Rb5 Ne5 46. Rd5 Kc7 47. Ke3 Ra3+ 48. Kf2 g4 49. Kg2 Nd3 50.
b5 Nf4+ 51. Kf2 Nxd5 52. b6+ Kb7 0-1

[Event "*** Titled Tuesday Blitz"]
[Site "Chess.com"]
[Date "2020.04.21"]
[Round "4"]
[White "IMAghasiyevKamal"]
[Black "Sharpchess22"]
[Result "0-1"]
[WhiteElo "2534"]
[BlackElo "2756"]
[TimeControl "180+1"]
[EndTime "10:39:49 PDT"]
[Termination "Sharpchess22 won by resignation"]

1. d4 Nf6 2. c4 e6 3. Nf3 d5 4. g3 Bb4+ 5. Bd2 Be7 6. Bg2 c6 7. O-O Nbd7 8. Qc2 b6 9. Nc3 Ba6 10. cxd5 cxd5 11. Rfe1 O-O 12. Bf4 b5 13. a3 Rc8 14. Qd3 Qb6 15. b4 Rfd8 16. Nd2 Nf8 17. Nb3 Ng6 18. Nc5 Nxf4 19. gxf4 g6 20. e3 Bxc5 21. dxc5 Qc7 22. Ne2 e5 23. fxe5 Qxe5 24.
Qd4 Qe7 25. Nf4 Bb7 26. a4 Bc6 27. Bf1 a6 28. Bd3 Ne4 29. Re2 Qg5+ 30. Kh1 Qg4 31. f3 Qxf3+ 32. Rg2 Nd2 33. Nh5 Qxh5 34. Rxd2 Re8 35.
Rf1 Rxe3 36. axb5 axb5 37. Rdf2 Re7 38. Rf6 Qh3 39. Kg1 Rcc7 40. Qf4 Qxd3 41. Rd6 Qe3+ 42.
Qxe3 Rxe3 43. Rd8+ Kg7 0-1

[Event "*** Titled Tuesday Blitz"]
[Site "Chess.com"]
[Date "2020.04.21"]
[Round "4"]
[White "kingofthenil"]
[Black "FeketeBarika"]
[Result "1-0"]
[WhiteElo "2533"]
[BlackElo "2272"]
[TimeControl "180+1"]
[EndTime "10:39:50 PDT"]
[Termination "kingofthenil won by resignation"]

1. e4 e6 2. d4 d5 3. exd5 exd5 4. Nf3 Bd6 5. Bd3 Nc6 6. O-O Nge7 7. c3 Bg4 8. Nbd2 Qd7 9. b4 f6 10. Re1 O-O-O 11. Nb3 g5 12. Nc5 Bxc5 13. bxc5 Nb8 14. Rb1 h5 15. Ba3 c6 16. Bb4 Rde8 17. Be2 Bxf3 18. Bxf3 g4 19. Be2 Ng6 20. Qd2 h4 21. Bd3 Ne7 22. Qf4 g3 23. fxg3 hxg3 24. h3 Ref8 25.
Ba5 Rf7 26. Rxe7 Rxe7 27. Bf5 Re6 28. Bxe6 1-0

[Event "*** Titled Tuesday Blitz"]
[Site "Chess.com"]
[Date "2020.04.21"]
[Round "4"]
[White "RU_B9"]
[Black "ChadBiryani"]
[Result "1-0"]
[WhiteElo "1855"]
[BlackElo "2362"]
[TimeControl "180+1"]
[EndTime "10:39:50 PDT"]
[Termination "RU_B9 won by checkmate"]

1. c4 e5 2. Nc3 Nc6 3. e3 Nf6 4.
Nf3 d6 5. d4 exd4 6. exd4 Be7 7. Be2 O-O 8. O-O Bf5 9. d5 Ne5 10. Nd4 Bg6 11. f4 c5 12. dxc6 Nxc6 13. Nxc6 bxc6 14.
f5 Qb6+ 15. Kh1 Rad8 16. fxg6 fxg6 17. Qb3 Qc5 18. Bd2 d5 19. cxd5 cxd5 20. Rac1 Kh8 21. Nb5 Qb6 22. Be3 Qe6 23. Nd4 Qe4 24. Bf3 Qh4 25. Ne6 Bd6 26. Bg1 Ne4 27. Bxe4 dxe4 28. Nxf8 Bxf8 29. Qf7 Bd6 30. Rcd1 h6 31. Rxd6 Rxd6 32.
Qf8+ Kh7 33. Qxd6 Qg5 34. Qf8 Qb5 35. Rf7 Qxb2 36. h3 h5 37. Re7 Qc2 38. Qxg7# 1-0

[Event "*** Titled Tuesday Blitz"]
[Site "Chess.com"]
[Date "2020.04.21"]
[Round "4"]
[White "Egorov_Pavel"]
[Black "KNVB"]
[Result "0-1"]
[WhiteElo "2370"]
[BlackElo "2760"]
[TimeControl "180+1"]
[EndTime "10:39:51 PDT"]
[Termination "KNVB won on time"]

1. d4 b6 2. e4 Bb7 3. Nc3 e6 4. Nf3 Bb4 5. Bd3 Nf6 6. Qe2 d5 7. e5 Ne4 8. Bd2 Bxc3 9. Bxc3 c5 10. Bd2 h6 11. Bf4 Nc6 12. Bxe4 dxe4 13. Qxe4 Na5 14. Qd3 O-O 15. O-O-O Qd5 16. Kb1 c4 17. Qe3 c3 18.
Bxh6 gxh6 19. Qxh6 Qe4 20. Rd3 Qg6 21. Qh4 Be4 22.
Rxc3 Rfc8 23. Ng5 Bxc2+ 24. Ka1 Rxc3 25. bxc3 Nc4 26. Nh3 Bd1 27. Rxd1 Qc2 0-1

[Event "*** Titled Tuesday Blitz"]
[Site "Chess.com"]
[Date "2020.04.21"]
[Round "4"]
[White "robertofabregas"]
[Black "czasnaszachy"]
[Result "0-1"]
[WhiteElo "2107"]
[BlackElo "2344"]
[TimeControl "180+1"]
[EndTime "10:39:51 PDT"]
[Termination "czasnaszachy won by resignation"]

1. c4 g6 2. Nc3 Bg7 3. g3 d6 4.
Bg2 c5 5. Nf3 e5 6. O-O Ne7 7.
d3 O-O 8. Bg5 f6 9. Be3 Nbc6 10.
a3 f5 11. Ne1 f4 12. Bd2 Be6 13. Nc2 Qd7 14. b4 Nd4 15. Rb1 Bh3 16. bxc5 Bxg2 17. Kxg2 dxc5 18. Ne4 Nxe2 19. Nxc5 f3+ 20. Kh1 Qh3 21.
Rg1 Nxg1 22. Qxg1 Nf5 23. Ne3 Nd4 24. Rxb7 Rab8 25. Rb4 a5 26. Rxb8 Rxb8 27. Bxa5 Ne2 28. Qf1 Qxf1+ 29. Nxf1 Rb1 0-1

[Event "*** Titled Tuesday Blitz"]
[Site "Chess.com"]
[Date "2020.04.21"]
[Round "4"]
[White "earling8018"]
[Black "Chessalary"]
[Result "1/2-1/2"]
[WhiteElo "2043"]
[BlackElo "2247"]
[TimeControl "180+1"]
[EndTime "10:39:51 PDT"]
[Termination "Game drawn by repetition"]

1. d4 Nf6 2. c4 g6 3. Nc3 c5 4. d5 e6 5. Nf3 exd5 6. cxd5 d6 7.
e3 Bg7 8. h3 O-O 9. Bd3 Na6 10.
O-O Re8 11. Nd2 Nc7 12. Bc4 a6 13. a4 Bd7 14. a5 Nb5 15. Qc2 Bf5 16. Qb3 Nxc3 17.
bxc3 Rb8 18. Ra3 Nd7 19. g4 Be4 20. Nxe4 Rxe4 21. Bd3 Re8 22. f4 Qh4 23. Kg2 h5 24. g5 f6 25. Bd2 c4 26. Bxc4 Nc5 27.
Qb1 fxg5 28. Be1 Qxe1 29. Rxe1 Kh7 30. fxg5 Re5 31. h4 Re4 32. Bd3 Nxd3 33. Qxd3 Rxh4 34. Rf1 Rg4+ 35. Kh3 Rxg5 36. Rf7 Kg8 37. Qf1 Be5 38. Rb3 Rg3+ 39. Kh4 Rg4+ 40. Kh3 Rg3+ 41. Kh4 Rg4+ 42.
Kh3 Rg3+ 1/2-1/2

[Event "*** Titled Tuesday Blitz"]
[Site "Chess.com"]
[Date "2020.04.21"]
[Round "4"]
[White "Infernal_XaM"]
[Black "Willychess95"]
[Result "1-0"]
[WhiteElo "2934"]
[BlackElo "2583"]
[TimeControl "180+1"]
[EndTime "10:39:52 PDT"]
[Termination "Infernal_XaM won by resignation"]

1. c4 c5 2. Nc3 Nf6 3. a3 g6 4. b4 d6 5. g3 Nc6 6. Bg2 Bg7 7.
Rb1 O-O 8. Nf3 Rb8 9. O-O b6 10. b5 Ne5 11. Nxe5 dxe5 12. d3 Bb7 13. Bg5 Bxg2 14.
Kxg2 Ne8 15. a4 Nc7 16. e4 h6 17. Be3 Qd7 18. Qc2 Rbd8 19. Rbd1 Ne6 20. a5 f5 21. exf5 gxf5 22. f3 Kh8 23. Nd5 Nc7 24. Nc3 Qd6 25. Rfe1 Qg6 26. Qe2 e4 27. Na4 f4 28. Bc1 e3 29.
Kh1 Ne6 30. Qg2 Rxd3 31. axb6 Rxd1 32. Rxd1 axb6 33. Nxb6 Bc3 34. Nd5 Ba5 35. Bb2+ Kh7 36. Nxe7 Qf7 37. Qc2+ 1-0

[Event "*** Titled Tuesday Blitz"]
[Site "Chess.com"]
[Date "2020.04.21"]
[Round "4"]
[White "dukicz123"]
[Black "whogeeyao"]
[Result "1-0"]
[WhiteElo "2594"]
[BlackElo "2353"]
[TimeControl "180+1"]
[EndTime "10:39:52 PDT"]
[Termination "dukicz123 won on time"]

1. e4 c5 2. Nf3 e6 3. d4 cxd4 4. Nxd4 Nc6 5. Nc3 Qc7 6. Be3 a6 7. Qf3 Nf6 8. O-O-O Ne5 9. Qg3 b5 10. Bxb5 Bb7 11. Ba4 Rc8 12. Bf4 Nh5 13. Nxe6 fxe6 14. Bxe5 Nxg3 15. Bxc7 Rxc7 16. hxg3 Bc5 17. f3 Be3+ 18.
Kb1 Ke7 19. Rd3 Bc5 20. g4 h6 21. g5 h5 22. Rhd1 Rd8 23. g3 Bc6 24. f4 Bb4 25.
Bxc6 Rxc6 26. Na4 d6 27. a3 Ba5 28. c4 Rxc4 29. b4 1-0

[Event "*** Titled Tuesday Blitz"]
[Site "Chess.com"]
[Date "2020.04.21"]
[Round "4"]
[White "InfiniteAdaption"]
[Black "josephymwale33"]
[Result "1-0"]
[WhiteElo "2479"]
[BlackElo "2292"]
[TimeControl "180+1"]
[EndTime "10:39:52 PDT"]
[Termination "InfiniteAdaption won by resignation"]

1. g3 g6 2. h4 Bg7 3. Bh3 d5 4. d4 Bxh3 5. Nxh3 c5 6. e3 Nc6 7. c3 Nf6 8. Nd2 e5 9. dxc5 O-O 10. O-O Qd7 11. Kg2 a5 12. Rb1 Qe7 13. b4 axb4 14.
cxb4 Rxa2 15. Qb3 Rfa8 16. Bb2 R2a4 17. b5 Rb4 18. Qd3 e4 19. Qe2 Na5 20. Bxf6 Qxc5 21. Bxg7 Kxg7 22. Rfc1 Qd6 23. Nf4 Rxb1 24. Rxb1 Rc8 25.
Nb3 Nc4 26. Nd4 Ne5 27. Qb2 Nc4 28. Qa1 Ne5 29. Rd1 f6 30. Rd2 Qb4 31. Qa2 Qc4 32. Nxd5 Qxa2 33. Rxa2 Rc5 34. Ne6+ 1-0

[Event "*** Titled Tuesday Blitz"]
[Site "Chess.com"]
[Date "2020.04.21"]
[Round "4"]
[White "PawnEatingZombie"]
[Black "ChrisTool2"]
[Result "0-1"]
[WhiteElo "2130"]
[BlackElo "2406"]
[TimeControl "180+1"]
[EndTime "10:39:52 PDT"]
[Termination "ChrisTool2 won on time"]

1. d4 Nf6 2. c4 e6 3. Nc3 d5 4. cxd5 exd5 5. Bg5 Bb4 6. e3 c5 7. dxc5 O-O 8. Bd3 Nbd7 9. Ne2 Nxc5 10. O-O Nxd3 11.
Qxd3 Be6 12. Rac1 Be7 13. Rfd1 Qa5 14. Nd4 Rad8 15. a3 h6 16. Bh4 a6 17. f3 Rd7 18. Nce2 Qb6 19. b4 Rfd8 20. h3 a5 21. b5 Nh5 22. Bxe7 Rxe7 23. Rc3 Qd6 24. Rdc1 Ng3 25.
Nf4 Bd7 26. Kf2 g5 27. Kxg3 gxf4+ 28. exf4 Rde8 29. Nf5 Qg6+ 30. Kh2 Bxf5 31. Qxd5 Re2 0-1

[Event "*** Titled Tuesday Blitz"]
[Site "Chess.com"]
[Date "2020.04.21"]
[Round "4"]
[White "artichaud"]
[Black "ShahMatKanal"]
[Result "0-1"]
[WhiteElo "2226"]
[BlackElo "2510"]
[TimeControl "180+1"]
[EndTime "10:39:54 PDT"]
[Termination "ShahMatKanal won by resignation"]

1. e4 c5 2. Nf3 Nc6 3. d4 cxd4 4. Nxd4 e5 5. Nb5 a6 6. Nd6+ Bxd6 7. Qxd6 Qf6 8. Qd2 Nge7 9. Nc3 O-O 10. Qg5 Qxg5 11. Bxg5 f5 12. Bc4+ Kh8 13. O-O-O fxe4 14. Nxe4 d5 15.
Bxd5 Bf5 16. f3 Nxd5 17. Rxd5 Nb4 18. Rxe5 Rac8 19. Be7 Nd3+ 20. Kb1 Nxe5 21. Bxf8 Rxf8 22. Rd1 Bxe4 23. fxe4 h6 24. b3 Rf2 25. Rd5 Nc6 26. Rd7 Rxg2 27. Rxb7 Rxh2 28. Rb6 Nd4 29. Rxa6 Nxc2 30.
a4 h5 31. a5 h4 32. Ra8+ Kh7 33. a6 Na3+ 34. Ka1 Nb5 35. a7 Nc3 36. Rh8+ Kxh8 37. a8=Q+ Kh7 38. e5 Ra2+ 39. Qxa2 Nxa2 0-1